 Dungeon Crawl Stone Soup version 0.31-a0-521-gc7390f8997 (webtiles) character file.

Game seed: 9417068391476615848

1851 Irreverend the Grappler (level 9, -3/69 HPs)
             Began as a Merfolk Shapeshifter on Aug 11, 2023.
             Was an Initiate of Okawaru.
             Slain by a killer bee (8 damage)
             ... on level 5 of the Dungeon.
             The game lasted 00:11:07 (5611 turns).

Irreverend the Grappler (Merfolk Shapeshifter)      Turns: 5611, Time: 00:11:08

Health: -3/69      AC:  2    Str: 19    XL:     9   Next: 12%
Magic:  0/9        EV: 20    Int:  8    God:    Okawaru [......]
Gold:   376        SH:  0    Dex: 14    Spells: 8/8 levels left

rFire   . . .        w - +2 whip (freeze)
rCold   . . .        (no shield)
rNeg    . . .        a - +0 animal skin
rPois   .            (helmet currently unavailable)
rElec   .            (cloak currently unavailable)
rCorr   .            (gloves currently unavailable)
SInv    .            (boots currently unavailable)
Will    .....        g - amulet of guardian spirit
Stlth   +            r - +5 ring of evasion
HPRegen 0.31/turn    (no ring)
MPRegen 0.11/turn

%: guardian spirit
@: lethally poisoned (-3 -> -8), beast-form, invisible
A: beast (slay +4), (nimble swimmer 2), mertail
a: Begin Untransformation, Renounce Religion


You were on level 5 of the Dungeon.
You worshipped Okawaru.
Okawaru was noncommittal.
You were a hulking beast.
You visited 2 branches of the dungeon, and saw 6 of its levels.

You collected 376 gold pieces.

Inventory:

Hand Weapons
 w - a +2 whip of freezing (weapon)
Missiles
 k - 2 throwing nets
Armour
 a - a +0 animal skin (worn)
Jewellery
 g - an amulet of guardian spirit (around neck)
 o - a +6 ring of intelligence
 r - a +5 ring of evasion (left hand)
Talismans
 c - a beast talisman (active)
 d - a flux talisman
Wands
 t - a wand of acid (10)
Scrolls
 e - a scroll of amnesia {unknown}
 f - a scroll of torment {unknown}
 i - a scroll of poison {unknown}
 l - 2 scrolls of immolation
 m - 5 scrolls of identify {unknown}
 n - a scroll of vulnerability
 q - a scroll of enchant weapon (quivered) {unknown}
 s - a scroll of fog {unknown}
Potions
 b - 2 potions of lignification
 j - a potion of magic
 p - a potion of mutation {unknown}
 u - a potion of attraction
 v - a potion of brilliance {unknown}
 x - a potion of degeneration {unknown}
 z - a potion of might {unknown}
 A - a potion of curing {unknown}
 B - a potion of berserk rage {unknown}


   Skills:
 + Level 5.7 Fighting
 + Level 7.2 Dodging
 * Level 8.6 Unarmed Combat
 + Level 6.9 Shapeshifting


You had 8 spell levels left.
You didn't know any spells.
Your spell library contained the following spells:

 Spells                   Type           Power      Damage    Failure   Level
 Inner Flame              Hex/Fire       0%         N/A       78%         3
 Yara's Violent Unravell  Hex/Tmut       0%         3d3       100%        5
 Enfeeble                 Hex            0%         N/A       100%        7


Dungeon Overview and Level Annotations

Branches:
Dungeon (5/15)             Temple (1/1) D:5

Altars:
Ashenzari
Cheibriados
Dithmenos
Elyvilon
Fedhas
Gozag
Hepliaklqana
Kikubaaqudgha
Makhleb
Nemelex Xobeh
Okawaru
Ru
Sif Muna
Trog
Uskayaw
Vehumet
Wu Jian
Xom
Yredelemnul
Zin
The Shining One

Shops:
D:1 =*:*   D:2 ?

Annotations:
D:5 1 exclusion


Innate Abilities, Weirdness & Mutations

You are a hulking beast.
Your limbs bulge with bestial killing power. (Slay +4)
((You are very nimble when in or above water. (Stealth+, EV+, Speed+++)))
Your lower body shifts to a powerful aquatic tail in water.


Message History

The killer bee barely misses you. The killer bee stings you.
You are more poisoned.
The killer bee poisons you! The killer bee stings you.
The killer bee misses you. x2
You miss the killer bee. You punch the killer bee!
The killer bee is almost dead.
You feel very sick. The killer bee completely misses you.
The killer bee stings you.
You are more poisoned.
The killer bee poisons you! The killer bee closely misses you.
The killer bee completely misses you. The killer bee misses you.
The killer bee closely misses you. The killer bee barely misses you.
The killer bee misses you. The killer bee completely misses you.
The killer bee barely misses you. The killer bee completely misses you.
The killer bee closely misses you.
You miss the killer bee.
The killer bee is almost dead.
You feel very sick. The killer bee completely misses you.
The killer bee barely misses you. x2
The killer bee stings you! The killer bee completely misses you.
The killer bee stings you! The killer bee stings you.
* * * LOW HITPOINT WARNING * * *
The killer bee completely misses you.
You feel very sick. The killer bee stings you.
* * * LOW HITPOINT WARNING * * *
The killer bee stings you.
* * * LOW HITPOINT WARNING * * *
The killer bee completely misses you. The killer bee barely misses you.
The killer bee closely misses you.
It was a potion of invisibility.
You fade into invisibility!
* * * LOW HITPOINT WARNING * * *
You feel sick. The killer bee closely misses you. x2
The killer bee misses you. The killer bee closely misses you.
You strike the helpless killer bee from behind!
You hit the killer bee but do no damage.
* * * LOW HITPOINT WARNING * * *
You feel sick. The killer bee barely misses you. The killer bee stings you!
You die...

..# #.# #.##### #.######
..# #.#####.....####
#....... #.#
#.#........#888##
#..###.. #.#
#.#.###....8...8#####..#
#.# #.#
#.#..).(.....>.8.......#
#.# ..#
#.#.)###...8...8######.#
#.#
######...#......#888##
#.# #.#
..#......#.###'#yD..#
#.# #.#
#.#.#....#.#<#)#hy..####
#.# #.#
#.#...##.#.#.#.#yyy.....
..# #.#
#........#.#.#.#....####
### #.#
#........#.#...#....#
#.#
#........#.....#....#
#.#
.........#####.#....#
#.# ....####.# #'#....#
#.# #>..# #.##.D.....###
#.# .##.# #.##.......#
###########.#


You could see a steam dragon (unable to see you) and 5 killer bees.

Vanquished Creatures
  Pikel (D:4)
  Grinder (D:3)
  Eustachio (D:5)
  An ice beast (D:5)
  An ogre (D:5)
  A black bear (D:3)
  3 lemures
  2 centaurs (D:5)
  A phantom (D:5)
  2 scorpions (D:4)
  A howler monkey (D:2)
  A hound (D:5)
  A gnoll bouda (D:5)
  A jelly (D:5)
  2 iguanas
  9 gnolls (D:5)
  6 adders
  A white imp (D:5)
  A worm (D:2)
  4 dart slugs
  3 orcs
  7 ball pythons
  10 endoplasms
  3 giant cockroaches
  8 goblins
  11 hobgoblins
  5 jackals
  6 kobolds
  6 quokkas
  3 bats
  3 frilled lizards
  3 rats
109 creatures vanquished.

Notes
Turn   | Place    | Note
-------+----------+-------------------------------------------
     0 | D:1      | Irreverend the Merfolk Shapeshifter began the quest for the
                  | Orb.
     0 | D:1      | Reached XP level 1. HP: 15/15 MP: 1/1
   135 | D:1      | Reached XP level 2. HP: 21/21 MP: 2/2
   190 | D:1      | Found Veas's Assorted Antiques.
   190 | D:1      | Found Xuafrurgh's Book Shop.
   307 | D:1      | Reached XP level 3. HP: 26/26 MP: 3/3
   455 | D:1      | Found Doskops's Jewellery Emporium.
   700 | D:1      | Found Maboxzon's Assorted Antiques.
   854 | D:2      | Reached skill level 4 in Unarmed Combat
  1179 | D:2      | Reached XP level 4. HP: 33/33 MP: 4/4
  1377 | D:2      | Noticed Sigmund
  1380 | D:2      | Sigmund changed into Sigmund the howler monkey
  1380 | D:2      | Noticed Sigmund
  1384 | D:2      | Killed Sigmund the howler monkey
  1827 | D:2      | Found Sath's Magic Scroll Emporium.
  1929 | D:3      | Noticed a black bear
  1936 | D:3      | Killed a black bear
  1937 | D:3      | Reached skill level 5 in Unarmed Combat
  1937 | D:3      | Reached XP level 5. HP: 38/39 MP: 5/5
  2016 | D:3      | Noticed Grinder
  2017 | D:3      | Paralysed by Grinder for 4 turns
  2033 | D:3      | Killed Grinder
  2034 | D:3      | Reached skill level 5 in Shapeshifting
  2034 | D:3      | Reached XP level 6. HP: 9/47 MP: 1/6
  2402 | D:3      | Reached XP level 7. HP: 52/52 MP: 7/7
  2892 | D:4      | Noticed Pikel
  2913 | D:4      | Killed Pikel
  2914 | D:4      | Reached skill level 5 in Dodging
  2914 | D:4      | Reached skill level 6 in Unarmed Combat
  2914 | D:4      | Reached XP level 8. HP: 12/61 MP: 1/8
  2915 | D:4      | Reached skill level 7 in Unarmed Combat
  3911 | D:5      | Entered Level 5 of the Dungeon
  4089 | D:5      | Found a staircase to the Ecumenical Temple.
  4104 | D:5      | Reached skill level 5 in Fighting
  4113 | Temple   | Entered the Ecumenical Temple
  4253 | Temple   | Became a worshipper of Warmaster Okawaru
  4686 | D:5      | Found a shimmering altar of Xom.
  4788 | D:5      | Found an ancient bone altar of Kikubaaqudgha.
  4788 | D:5      | Found a shimmering blue altar of Sif Muna.
  4789 | D:5      | Found an opulent altar of Gozag.
  4792 | D:5      | Noticed Eustachio
  4825 | D:5      | Killed Eustachio
  4826 | D:5      | Reached skill level 8 in Unarmed Combat
  4941 | D:5      | HP: 2/62 [gnoll/+0 spear[a gnoll bouda] (8)]
  4973 | D:5      | Reached XP level 9. HP: 22/68 MP: 2/9
  4993 | D:5      | HP: 3/68 [phantom (3)]
  5611 | D:5      | Slain by a killer bee

Illustrated notes

Levels and vault maps discovered:
D:1:      dpeg_arrival_round_b, layout_loops_ring, serial_shops, shop, shop,
          nicolae_shop_tiny_statue_garden, nicolae_diamond_shop,
          minmay_pentomino_p2
D:2:      layout_loops_ring, serial_shops,
          nicolae_shop_temple_entry_statues_fountains, kennysheep_crisscross,
          minmay_misc_feat_secret_circle, minivault_5, minivault_25,
          uniq_sigmund
D:3:      layout_basic, uniq_grinder
D:4:      layout_basic, uniq_pikel
D:5:      layout_basic, chequers_temple_overflow_statue_of_worship,
          kennysheep_mini, minmay_temple_entry_statues, uniq_eustachio
Temple:   bh_familiar_temple

Skill      XL: |  1  2  3  4  5  6  7  8 |
---------------+-------------------------+-----
Dodging        | 3 4 5 7 |  7.2
Unarmed Combat | 4 5 6 8 |  8.6
Fighting       | 2 3 4 5 |  5.7
Shapeshifting  | 5 6 |  6.9

Action                     |  1- 3 |  4- 6 |  7- 9 || total
---------------------------+-------+-------+-------++-------
  Melee: Unarmed           |    82 |    63 |    51 ||   196
         Punch             |     1 |     3 |    16 ||    20
         Whip              |       |       |   182 ||   182
  Evoke: Wand              |       |     3 |     1 ||     4
    Use: Scroll            |       |     1 |     2 ||     3
         Potion            |       |       |     7 ||     7
   Stab: Sleeping          |     3 |     1 |       ||     4
         Invisible         |       |       |     1 ||     1
 Armour: Animal skin       |     7 |    11 |    24 ||    42
         Skin              |       |       |    42 ||    42
  Dodge: Dodged            |    44 |    41 |   219 ||   304

Table legend: (Time is in decaauts)
 A = Elapsed time spent in this place.
 B = Non-inter-level travel time spent in this place.
 C = Inter-level travel time spent in this place.
 D = Time resting spent in this place.
 E = Time spent auto-exploring this place.
 F = Levels seen in this place.
 G = Mean time per level.
                   A        B        C        D        E       F      G
               +--------+--------+--------+--------+--------+-----+--------+
         Total |   5613 |   5415 |    198 |   1101 |   3416 |   6 |  935.5 |
       Dungeon |   5456 |   5296 |    160 |    985 |   3416 |   5 | 1091.2 |
        Temple |    156 |    118 |     38 |    116 |      0 |   1 |  156.0 |
               +--------+--------+--------+--------+--------+-----+--------+

Top non-repeatable levels by time:
     D:5: 1558 daAuts
     D:4: 1199 daAuts
     D:2: 1073 daAuts
     D:1: 835 daAuts
     D:3: 790 daAuts
  Temple: 156 daAuts
